AoeStats
← AGCaesar

QS Arena

503444256Analyzed
2v2 RM · 1mo ago on Aug 31, 2026· 40m 40s· 4 players
Game mode
Random Map
Map size
Medium (4 player)
Population
200
Speed
Normal
Resources
Standard
Victory
Conquest
Starting age
Dark Age
Ending age
Imperial Age
RankedLock teamsTeams togetherTeam positionsShared explorationLock speedFull tech treeHidden civsTurbo modeCheats
Victory
Defeat
🇩🇪 Goths · Germany
958
+15
🇩🇪 Saracens · Germany
953
+15
🇩🇪 Italians · Germany
942
-15
🇳🇱 Persians · Netherlands
915
-14
AGCaesar
3:24 Loom
8:19 Feudal Age
12:43 Castle Age
10:37 Double-Bit Axe
11:26 Horse Collar
11:53 Fletching
12:05 Padded Archer Armor
16:20 Town Watch
21:44 Scale Barding Armor
22:04 Bloodlines
22:57 Wheelbarrow
23:07 Heavy Plow
25:52 Husbandry
28:55 Imperial Age
Rev
9:24 Feudal Age
13:45 Castle Age
12:10 Double-Bit Axe
12:47 Loom
12:53 Horse Collar
15:37 Bow Saw
16:42 Wheelbarrow
18:43 Hand Cart
20:59 Heavy Plow
22:46 Forging
22:51 Town Watch
22:52 Loom
28:33 Imperial Age
27:45 Thumb Ring
28:35 Gold Mining
29:45 Crossbowman
30:18 Fletching
31:04 Iron Casting
31:26 Murder Holes
32:12 Kamandaran
33:32 Conscription
35:12 Ballistics
34:50 Bodkin Arrow
35:56 Blast Furnace
34:56 Padded Archer Armor
36:17 Two-Man Saw
35:29 Town Patrol
saphir.maddis
0:48 Loom
9:40 Feudal Age
14:02 Castle Age
12:02 Stone Mining
12:02 Double-Bit Axe
12:32 Fletching
12:59 Horse Collar
13:15 Gold Mining
13:53 Padded Archer Armor
14:47 Bodkin Arrow
17:10 Gold Shaft Mining
16:56 Heavy Plow
18:01 Bow Saw
19:06 Elite Skirmisher
20:34 Light Cavalry
22:56 Leather Archer Armor
23:05 Forging
25:36 Wheelbarrow
28:48 Imperial Age
26:50 Scale Barding Armor
28:18 Ballistics
31:07 Chemistry
32:30 Two-Man Saw
33:21 Iron Casting
33:47 Chain Barding Armor
36:08 Blast Furnace
37:19 Plate Barding Armor
38:28 Ring Archer Armor
37:59 Bracer
38:54 Murder Holes
[$PERMA] tobi
1:19 Loom
9:17 Feudal Age
14:37 Castle Age
12:53 Double-Bit Axe
12:54 Horse Collar
20:44 Bow Saw
21:56 Heavy Plow
26:09 Wheelbarrow
27:16 Scale Mail Armor
27:09 Pikeman
28:21 Town Watch
28:37 Fletching
29:10 Ballistics
32:04 Imperial Age
30:53 Chain Mail Armor
31:03 Squires
32:50 Anarchy
32:27 Halberdier
33:21 Anarchy
33:42 Forging
33:27 Bodkin Arrow
34:10 Crop Rotation
33:15 Crossbowman
35:27 Hand Cart
35:50 Iron Casting
35:02 Capped Ram
37:44 Bracer
40:27 Two-Man Saw
38:59 Elite Huskarl
41:10 Blast Furnace
40:04 Gold Mining
Connection lost

Rejoining the realm…

Still unreachable

The connection could not be restored.

Session expired

The server has moved on; the page needs a fresh start.